Map: Thunderbird LE

Players

Sura - Winner!

  • Race: Zerg Zerg
  • League: Master
  • Spawn Location: 5:00

Mez

  • Race: Terran Terran
  • League: Master
  • Spawn Location: 11:00

VOD

Have the link to the VOD?

Description

Time

  • Played on: Aug. 1, 2019, 3:38 a.m.
  • Length: 9:49
Show
View Real Time Build Order
Export as new Build Order

Sura Zerg - Winner!

Build Orders: Hatch First 

Get SALT Encoding   

  12  0:01  Drone  
  13  0:13  Overlord  
  13  0:17  Drone  
  14  0:32  Drone x2  
  16  0:49  Hatchery  
  15  0:53  Drone  
  15  0:56  Drone  
  17  1:00  Drone  
  17  1:02  Extractor  
  17  1:15  Spawning Pool  
  16  1:19  Drone  
  16  1:22  Drone  
  18  1:30  Drone  
  19  1:39  Drone  
  20  2:03  Zergling x6  
  20  2:06  Hatchery  
  22  2:11  Queen  
  24  2:19  Queen  
  26  2:26  Drone x2  
  28  2:47  Overlord  
  27  2:54  Overlord, Drone  
  28  3:05  Queen  
  28  3:06  Drone x4  
  28  3:12  Overlord  
  34  3:32  Drone x5  
  39  3:35  Drone x2  
  39  3:36  Drone x2  
  39  3:37  Queen  
  45  3:43  Lair  
  45  3:52  Drone  
  45  3:53  Drone  
  45  3:55  Drone, Roach Warren  
  47  4:07  Drone x2  
  47  4:08  Drone x5  
  54  4:11  Zergling x4  
  54  4:21  Zergling x4  
  54  4:23  Zergling x2  
  54  4:24  Zergling x6  
  48  4:33  Drone x3  
  40  4:46  Drone x3  
  40  4:47  Drone x2  
  45  4:54  Drone x3  
  45  4:58  Glial Reconstitution  
  46  5:06  Roach x3  
  52  5:15  Overlord x2  
  52  5:29  Roach  
  52  5:30  Roach  
  52  5:31  Overlord  
  56  5:36  Roach  
  56  5:38  Roach x3  
  63  5:53  Roach x6  
  63  5:56  Overlord x2  
  72  6:04  Extractor  
  72  6:05  Extractor  
  72  6:06  Drone x2  
  72  6:10  Drone x2  
  72  6:11  Drone x2  
  75  6:12  Drone  
  75  6:13  Drone  
  78  6:19  Roach x2  
  78  6:24  Roach  
  84  6:31  Zergling x2  
  78  6:52  Roach x3  
  78  6:53  Roach x3  
  85  6:56  Roach  
  85  6:57  Roach x2  
  85  7:00  Roach  
  91  7:04  Roach  
  91  7:06  Roach  
  89  7:12  Roach  
  89  7:13  Roach  
  85  7:16  Drone x5, Extractor  
  85  7:18  Extractor  
  85  7:19  Roach  
  89  7:28  Drone x3  
  89  7:29  Drone x2  
  94  7:31  Drone  
  94  7:36  Roach  
  94  7:37  Overlord  
  97  7:40  Overlord  
  97  7:50  Overlord  
  97  7:55  Ravager  
  97  7:56  Ravager x3  
  103  7:58  Roach x3  
  103  8:00  Roach  
  103  8:05  Roach x2  
  113  8:09  Roach x2  
  113  8:11  Roach  
  119  8:14  Roach  
  113  8:22  Roach x3  
  113  8:26  Roach  
  113  8:27  Roach  
  115  8:29  Roach  
  115  8:32  Roach  
  115  8:33  Ravager  
  115  8:38  Roach x2  
  113  8:43  Roach x2  
  113  8:46  Roach x2  
  115  8:50  Roach  
  115  8:51  Ravager  
  118  8:57  Roach x2  
  118  9:03  Roach  
  118  9:04  Roach  
  119  9:17  Roach x2  
  119  9:20  Overlord x2  
  119  9:21  Overlord  
Show
View Real Time Build Order
Export as new Build Order

Mez Terran 

Build Orders: 2 Factory, Reaper Expand, Mech 

Get SALT Encoding   

  12  0:00  SCV  
  13  0:13  SCV  
  14  0:17  Supply Depot  
  14  0:25  SCV  
  15  0:39  SCV  
  15  0:41  Barracks  
  16  0:47  Refinery  
  16  0:51  SCV  
  17  1:03  SCV  
  18  1:15  SCV  
  19  1:28  Orbital Command  
  19  1:30  Reaper  
  20  1:39  Command Center  
  20  1:49  Supply Depot  
  20  1:54  SCV  
  21  2:03  Barracks Reactor  
  21  2:04  Marine  
  21  2:08  SCV  
  23  2:12  Factory  
  23  2:16  Refinery  
  23  2:20  SCV  
  24  2:29  Barracks Reactor  
  24  2:32  SCV  
  25  2:48  SCV  
  26  2:54  Orbital Command  
  26  3:00  SCV  
  26  3:02  Factory  
  27  3:12  Hellion x2, SCV  
  32  3:14  Barracks Tech Lab  
  32  3:22  Supply Depot  
  32  3:24  SCV  
  33  3:32  SCV  
  33  3:34  Hellion x2  
  38  3:36  SCV  
  39  3:54  SCV x2  
  39  3:55  Hellion  
  43  3:56  Command Center  
  43  3:59  Supply Depot  
  43  4:08  SCV x2  
  45  4:12  Hellion x2  
  45  4:13  Infernal Pre-Igniter  
  41  4:46  Marine  
  41  4:47  Hellion  
  41  4:48  Hellion x2  
  41  4:49  SCV  
  41  4:50  SCV  
  41  4:51  Supply Depot  
  49  4:57  Armory  
  49  4:59  Factory, Armory  
  49  5:01  Refinery  
  49  5:02  Refinery, SCV x2  
  51  5:10  Hellion x2  
  51  5:12  Orbital Command  
  55  5:19  Engineering Bay  
  55  5:22  SCV x2  
  57  5:31  Supply Depot  
  57  5:34  SCV x2  
  59  5:40  SCV  
  58  5:46  SCV  
  53  5:56  Marine  
  50  5:57  Factory Tech Lab  
  50  5:58  Siege Tank  
  50  5:59  Hellion x2, SCV  
  50  6:00  SCV x2  
  50  6:01  Terran Vehicle And Ship Armor Level 1, Terran Vehicle Weapons Level 1  
  60  6:08  Factory  
  60  6:09  Factory, Supply Depot  
  60  6:12  SCV x3, Supply Depot  
  63  6:20  Supply Depot  
  63  6:22  Siege Tank  
  63  6:24  SCV x3  
  69  6:30  Missile Turret  
  69  6:35  Missile Turret  
  69  6:36  Missile Turret, SCV x3  
  72  6:41  Cyclone  
  75  6:48  SCV x3  
  75  6:52  Hellion  
  75  6:53  Hellion  
  75  6:54  Cyclone  
  74  7:03  Factory Tech Lab  
  74  7:04  Factory Tech Lab  
  70  7:12  SCV x3  
  71  7:20  Hellion x3, Command Center  
  71  7:24  SCV x2  
  73  7:31  Supply Depot  
  73  7:36  Cyclone x3  
  82  7:37  Cyclone  
  85  7:45  Hellion x2, SCV x3  
  92  7:53  Refinery  
  92  7:55  Refinery  
  92  7:57  SCV x3  
  95  8:04  Supply Depot x2  
  95  8:09  SCV x3  
  96  8:21  SCV  
  82  8:27  Cyclone x2  
  87  8:39  Cyclone  
  84  8:53  Hellion, Cyclone  
  84  8:54  Hellion  
  88  8:59  Cyclone  
  88  9:05  Siege Tank  
  81  9:11  Cyclone  
  62  9:24  Hellion  
  62  9:25  Hellion  
Tags
 
Add a new tag
Caveats
  • Supply blocks, unpowered buildings, or Contaminate may cause inaccurate times.
  • Supply counts are checked every 10 seconds.